 Dungeon Crawl Stone Soup version 0.20.0-10-g0535bb4 (console) character file.

470661 jeanjacques the Slayer (level 24, -34/287 HPs)
             Began as an Ogre Monk on June 4, 2017.
             Was the Champion of the Shining One.
             Killed from afar by a lich (88 damage)
             ... with a crystal spear
             ... on level 5 of the Vaults.
             The game lasted 03:03:31 (34346 turns).

jeanjacques the Slayer (Ogre Monk)                 Turns: 34346, Time: 03:03:32

Health: -34/287    AC: 24    Str: 23    XL:     24   Next: 66%
Magic:  24/44      EV: 24    Int: 11    God:    the Shining One [******]
Gold:   3027       SH: 13    Dex: 18    Spells: 23/23 levels left

rFire    + . .     SeeInvis +   a - +9 broad axe (venom)
rCold    + . .     Gourm    .   k - +1 shield {rF+}
rNeg     + + +     Faith    .   E - +4 troll leather armour
rPois    +         Spirit   .   C - +2 hat
rElec    .         Reflect  .   v - +1 cloak "Ekhoank" {rC+}
rCorr    .         Harm     .   (gloves unavailable)
MR       ++...                  (boots unavailable)
Stlth    +.........             o - amulet of regeneration
Regen    1.4/turn               G - ring of Robustness {AC+8}
MPRegen  0.3/turn               z - ring "Nuzxol" {+Fly MP+9 Slay+3 SInv}

@: about to teleport, very slightly contaminated, hasted, glowing, studying
Dodging, very quick
A: unfitting armour, hooves 1, horns 1, blink, poison resistance, shaggy fur 1,
tough skin 1
}: 2/15 runes: barnacled, gossamer
a: Blink, Divine Shield, Cleansing Flame, Summon Divine Warrior, Renounce
Religion, Evoke Flight


You were on level 5 of the Vaults.
You worshipped the Shining One.
The Shining One was exalted by your worship.
You were very full.

You visited 8 branches of the dungeon, and saw 44 of its levels.

You collected 5143 gold pieces.
You spent 2116 gold pieces at shops.

Inventory:

Hand Weapons
 a - a +9 broad axe of venom (weapon)
 b - a +6 sacred scourge of holy wrath
Missiles
 n - 7 throwing nets (quivered) {!f}
 Z - 11 curare-tipped needles
Armour
 k - a +1 shield of fire resistance (worn)
 v - the +1 cloak "Ekhoank" (worn) {rC+}
   (You found it on level 3 of the Lair of Beasts)

   It protects you from cold.
 x - the +2 faerie dragon scales {rCorr SInv}
   (You took it off the Enchantress on level 2 of the Depths)

   It lets you see invisible.
   It protects you from acid and corrosion.
 C - a +2 hat (worn)
 E - a +4 troll leather armour (worn)
Jewellery
 o - an amulet of regeneration (around neck)
 z - the ring "Nuzxol" (right hand) {+Fly MP+9 Slay+3 SInv}
   (You found it on level 14 of the Dungeon)

   [ring of magical power]

   It affects your accuracy and damage with ranged weapons and melee attacks
   (+3).
   It affects your magic capacity (+9).
   It lets you see invisible.
   It lets you fly.
 G - the ring of Robustness (left hand) {AC+8}
   (You found it on level 13 of the Dungeon)

   [ring of protection]

   It affects your AC (+8).
 I - an uncursed ring of protection from fire
Wands
 d - a wand of digging (0/24)
 f - a wand of digging (10/24)
 w - a wand of acid (11/15)
 y - a wand of digging (9/24)
 T - a wand of disintegration (9/24)
Scrolls
 e - 11 scrolls of identify
 g - a scroll of holy word
 j - 6 scrolls of magic mapping
 m - a scroll of enchant armour
 p - 10 scrolls of teleportation
 u - 5 scrolls of fog
 J - 3 scrolls of recharging
 L - 4 scrolls of immolation {!r}
 M - 5 scrolls of vulnerability {!r}
 N - 4 scrolls of blinking
 Q - 2 scrolls of fear
 R - 19 scrolls of remove curse
Potions
 h - 5 potions of cancellation
 i - 2 potions of brilliance
 q - 6 potions of agility
 s - 3 potions of magic
 t - 7 potions of ambrosia
 A - 2 potions of resistance
 B - a potion of might
 K - 7 potions of curing
 O - 3 potions of berserk rage
 P - 4 potions of haste
 W - 5 potions of heal wounds
 X - 8 potions of mutation {!q}
 Y - 2 potions of flight
Books
 U - a manual of Dodging
Miscellaneous
 F - a phantom mirror
Comestibles
 c - 10 bread rations
 r - 15 royal jellies
 H - 18 meat rations


   Skills:
 - Level 25.5 Fighting
 - Level 17.8(18.3) Axes
 - Level 10.1(16.5) Maces & Flails
 - Level 9.0 Armour
 + Level 19.3 Dodging
 - Level 1.4 Stealth
 - Level 9.9 Shields
 - Level 16.8 Invocations
 - Level 4.0 Evocations


You had 23 spell levels left.
You didn't know any spells.

Dungeon Overview and Level Annotations

Branches:
Dungeon (15/15)            Temple (0/1) D:7            Lair (6/6) D:11
 Shoals (4/4) Lair:3       Spider (4/4) Lair:2        Slime (0/5) Lair:5
    Orc (2/2) D:12         Vaults (5/5) D:14          Crypt (3/3) Vaults:3
 Depths (5/5) D:15            Zot (0/5) Depths:5
    Elf: Orc:2         Tomb: Crypt:3

Altars:
Dithmenos
Fedhas
Hepliaklqana
Kikubaaqudgha
Makhleb
Okawaru
Qazlal
Ru
Sif Muna
Trog
Xom
Yredelemnul
Zin
The Shining One
Beogh
Jiyva

Shops:
D:8 [   Orc:2 (%*   Shoals:2 *   Shoals:4 %   Vaults:1 *   Vaults:3 %
Depths:1 %   Depths:4 !   Depths:5 ([*

Portals:
Hell: Depths:1 Depths:2 Depths:3 Depths:4 Depths:5
Abyss: Depths:1 Depths:4
Pandemonium: Depths:2 Depths:4

Annotations:
D:3 Mlkhall's ghost, amateur NaEn
D:4 exclusion: downstairs
D:7 exclusion: door
D:14 exclusion: downstairs
Lair:2 exclusion: 2 oklob plants
Lair:5 1 runed door, exclusion: 4 oklob plants
Depths:2 exclusion: ice statue


Innate Abilities, Weirdness & Mutations

You are too large for most types of armour.
You have tough skin. (AC +1)
You have large cloven feet.
You have a pair of small horns on your head.
You can translocate small distances at will.
Your system is resistant to poisons. (rPois)
You are covered in fur. (AC +1)


Message History

Your divine shield fades away.
The vault warden hits you with a great sword.
* * * LOW HITPOINT WARNING * * *
You hit the vault warden.
The vault warden is poisoned.
The vault warden is lightly wounded.
Unknown command.
You feel much better. The lindwurm breathes flames at you.
The blast of flame hits you! You resist.
* * * LOW HITPOINT WARNING * * *
You block the vault warden's attack.
Your angel hits the vault warden with a sacred scourge of holy wrath.
Unknown command.
You slash the vault warden!
The vault warden looks as sick as possible!
You kick the vault warden, but do no damage.
You headbutt the vault warden.
The vault warden is moderately wounded.
You slice the vault guard!!
The vault guard is poisoned.
You hit the vault warden.
The vault warden looks as sick as possible!
You kick the vault warden, but do no damage.
The vault warden is moderately wounded.
You slice the vault guard!!
The vault guard looks as sick as possible!
Your angel hits the vault warden with a sacred scourge of holy wrath!!
Your angel hits the vault warden with a sacred scourge of holy wrath.
The lich casts a spell.
The lich seems to speed up.
You block the vault guard's attack.
The vault warden hits your angel with a great sword!!
You slash the vault warden!
The vault warden looks as sick as possible!
You kick the vault warden, but do no damage.
You headbutt the vault warden.
You kill the vault warden!
You slash the vault guard!
The vault guard looks as sick as possible!
The lich gestures at you while chanting.
The crystal spear hits you!
You die...

*,,*,,,,,*,,,,*,,,*,,,,#..
*,,*,,,,,**,,,*,,,*,,,*#..
*,.*,,,,,,*,,,,,,,*,,,*,..
*,..,,,,,,*,,,,,,,*,,,,,,,
*,...#####################
*,....L.........[.........
*,....p..A....[[[[...C.02.
*,....k.)A..C)2eW[.....0..
*,.....ppO.....[[[........
*,.....###################
*,....*,*,*,*,*,*,*,*,*,#.
*,..,*,*,*,*,*,*,*,*,*,#|#
*,,,*,*,*,*,*,*,*,*,*,#.#.
*,,*,*,*,*,*,*,*,*,*,*.#.#
*,,**,*,*,*,*,*,*,*,*,*.#.
*,,*,*,*,*,*,*,*,*,*,*,*,*
*,,**,*,*,*,*,*,*,*,*,*,*,


You could see a lich, a vault guard, an ettin, a deep elf demonologist, a
lindwurm, 2 ironbrand convokers, a freezing wraith, a hellion, a friendly daeva
and a friendly angel.

Vanquished Creatures
  Mennas (Vaults:4)
  Boris (Vaults:4)
  Frederick (Vaults:3)
  2 caustic shrikes (Depths:2)
  Nikola (Spider:1)
  Jory (Vaults:4)
  the Enchantress (Depths:2)
  2 golden dragons (Depths:2)
  4 liches
  Jorgrun (Shoals:3)
  A quicksilver dragon (Depths:2)
  2 titans (Vaults:5)
  4 ancient champions
  A sphinx (Vaults:1)
  Agnes (D:15)
  Kirke (D:14)
  5 tengu reavers
  2 storm dragons
  3 shadow dragons
  Ilsuiw (Shoals:4)
  A revenant (Crypt:2)
  5 frost giants
  9 fire giants
  2 draconian knights (Depths:5)
  A balrug (Depths:2)
  3 ghost moths (Spider:4)
  9 vault wardens
  Louise (D:14)
  An orc warlord (Vaults:1)
  9 ghouls
  A reaper (Depths:2)
  15 ironheart preservers
  5 spriggan defenders
  5 emperor scorpions
  10 very ugly things
  A war gargoyle (Depths:2)
  4 entropy weavers
  11 stone giants
  A green draconian (Depths:5)
  7 deep elf demonologists
  A black draconian (Depths:5)
  A juggernaut skeleton (D:15)
  2 deep elf annihilators
  3 vampire knights
  2 purple draconians (Depths:5)
  A yellow draconian (Depths:5)
  6 spark wasps
  5 merfolk javelineers
  6 merfolk impalers
  17 ettins
  2 eidola
  A blizzard demon (Depths:2)
  11 jiangshi
  7 deep elf death magi
  6 fire dragons
  15 yaktaur captains
  11 ogre magi
  5 deep elf high priests
  3 great orbs of eyes
  34 vault guards
  2 quicksilver dragon skeletons
  3 rakshasas
  9 ice dragons
  6 hydras
  A hell beast (Depths:4)
  8 spriggan air magi
  2 catoblepae (Lair:6)
  9 centaur warriors
  43 two-headed ogres
  3 death knights
  5 merfolk aquamancers
  11 deep troll shamans
  3 merfolk avatars
  Urug (D:14)
  2 satyrs
  12 vampire magi
  A satyr (shapeshifter) (Vaults:2)
  8 spriggan berserkers (Depths:2)
  8 death yaks
  4 orc high priests (Orc:2)
  15 tengu warriors
  5 deep troll earth magi
  2 deep elf knights
  8 soul eaters
  17 skeletal warriors
  A hell knight (Depths:5)
  A shadow wraith (Vaults:1)
  3 sun demons (Depths:2)
  8 sea snakes
  2 iron trolls (Depths:3)
  A storm dragon skeleton (Crypt:1)
  3 wizards
  20 deep trolls
  An unseen horror (shapeshifter) (Depths:1)
  3 glowing orange brains
  A quicksilver dragon simulacrum (Depths:2)
  6 deep elf archers
  4 unseen horrors
  2 flayed ghosts
  4 necromancers
  6 phantasmal warriors
  Pikel (D:7)
  10 ironbrand convokers
  15 harpies
  A wolf spider zombie (Crypt:1)
  4 lindwurms (D:9)
  28 wolf spiders
  3 orc sorcerers
  26 ugly things
  10 orb spiders
  7 manticores
  10 cyclopes
  15 orc knights
  11 deep elf magi
  A moth of wrath (Spider:4)
  A salamander (shapeshifter) (Vaults:1)
  4 merfolk sirens
  7 fauns
  13 vault sentinels
  A guardian serpent (Lair:6)
  6 black mambas
  7 rust devils (Depths:2)
  6 water nymphs
  An eye of devastation (Vaults:1)
  A stone giant skeleton (D:15)
  10 elephants
  26 spiny frogs
  5 spectral swamp worms (Depths:4)
  A spriggan zombie (Depths:2)
  A torpor snail (Spider:2)
  2 gargoyles (Crypt:3)
  5 centaur skeletons
  An elf skeleton (Depths:2)
  A death yak zombie (Crypt:1)
  2 rime drakes (Lair:5)
  A komodo dragon (shapeshifter) (Depths:5)
  32 yaktaurs
  11 freezing wraiths
  An efreet (D:15)
  A redback zombie (Crypt:2)
  5 ice devils
  3 komodo dragons
  2 tengu conjurers
  10 demonic crawlers
  A guardian mummy (D:15)
  5 trolls
  A troll (shapeshifter) (Vaults:2)
  3 meliai
  19 jumping spiders
  14 merfolk
  7 red devils
  A polar bear (Lair:6)
  Grinder (D:4)
  14 blink frogs
  A queen bee (Lair:5)
  28 slime creatures
  4 bog bodies
  11 hornets
  2 ice dragon zombies (D:15)
  2 wind drakes
  10 dream sheep
  A meliai zombie (Crypt:1)
  6 snapping turtles
  6 hippogriffs
  2 hippogriffs (shapeshifter)
  12 wyverns
  A centaur simulacrum (D:15)
  3 spriggans (Depths:2)
  10 air elementals
  6 flying skulls
  4 shadows
  A human simulacrum (Vaults:3)
  66 redbacks
  2 basilisks
  20 tarantellas
  A satyr skeleton (Crypt:1)
  A vampire (D:14)
  15 water elementals
  5 hogs (D:14)
  A yak (shapeshifter) (Vaults:2)
  A hog (shapeshifter) (Vaults:1)
  6 wraiths
  An ettin skeleton (Depths:2)
  A neqoxec (Depths:4)
  35 yaks
  A basilisk (shapeshifter) (Depths:1)
  3 vampire mosquitoes (D:14)
  3 chaos spawn
  Menkaure (D:4)
  3 wargs
  22 water moccasins
  4 large abominations (Depths:1)
  2 hell hounds (Depths:2)
  3 acid dragons (Vaults:2)
  5 porcupines
  A swamp drake (D:5)
  3 sky beasts
  A slave (D:7)
  3 ice beasts
  32 orc warriors
  2 necrophages
  An eye of draining (D:12)
  An elephant zombie (Crypt:2)
  3 phantoms
  A black bear (D:11)
  6 wolves (Lair:5)
  A tengu (D:5)
  2 ettin simulacra (Depths:2)
  29 ogres
  35 centaurs
  A rime drake zombie (Crypt:1)
  5 big kobolds
  12 crocodiles
  13 bullfrogs
  8 small abominations (Depths:1)
  4 scorpions
  50 killer bees
  5 howler monkeys
  20 wights
  8 crimson imps
  2 centaur zombies
  25 orc priests
  10 hounds
  4 jellies (D:10)
  A black bear skeleton (Crypt:2)
  Ijyb (D:4)
  9 iguanas
  26 orc wizards
  5 worker ants
  A dwarf zombie (Crypt:2)
  A hound skeleton (D:11)
  A howler monkey zombie (D:8)
  A worker ant zombie (D:11)
  3 gnolls (D:6)
  11 adders
  3 shadow imps
  2 oozes
  An adder skeleton (D:8)
  A worm (D:5)
  A dart slug (D:2)
  4 leopard geckos
  114 orcs
  5 giant cockroaches
  5 goblins
  5 hobgoblins
  7 jackals
  6 quokkas
  2 ball pythons (D:1)
  10 bats
  2 frilled lizards (D:1)
  A giant cockroach zombie (D:5)
  A jackal skeleton (D:4)
  38 kobolds
  A leopard gecko skeleton (Crypt:2)
  A quokka skeleton (D:4)
  3 rats
  2 crawling corpses (Depths:2)
  3 fungi (Lair:2)
  9 plants
  A withered plant (D:15)
1793 creatures vanquished.

Vanquished Creatures (collateral kills)
  Mara (Vaults:4)
  A caustic shrike (Depths:2)
  An iron dragon (Vaults:5)
  A fire giant (Depths:3)
  A vault warden (Vaults:4)
  A ghost moth (Spider:4)
  Aizul (Spider:1)
  An ironheart preserver (Vaults:4)
  A stone giant (Vaults:1)
  2 yaktaur captains
  2 fire dragons (Depths:1)
  A vault guard (Vaults:5)
  Harold (Lair:1)
  2 hydras
  2 two-headed ogres (Vaults:1)
  An orc high priest (Orc:2)
  2 skeletal warriors (D:12)
  An unseen horror (Vaults:1)
  3 deep trolls
  A deep elf archer (Vaults:4)
  2 harpies (Vaults:1)
  2 ironbrand convokers
  A necromancer (Depths:1)
  A phantasmal warrior (Vaults:5)
  A black mamba (Lair:1)
  A vault sentinel (Vaults:4)
  A yaktaur (Vaults:5)
  2 freezing wraiths (Vaults:4)
  A demonic crawler (Spider:4)
  A hornet (D:12)
  A hippogriff (Lair:4)
  2 redbacks (Spider:1)
  A tarantella (Spider:1)
  A porcupine (Lair:1)
  A water moccasin (Lair:6)
  4 orc warriors (Orc:2)
  A centaur (D:12)
  3 bullfrogs
  A bullfrog zombie (D:12)
  An orc wizard (Orc:2)
  4 orc priests (Orc:2)
  A jelly (D:12)
  4 orcs
65 creatures vanquished.

Vanquished Creatures (others)
  A quicksilver dragon simulacrum (Depths:2)
  A flying skull (Depths:2)
  A hippogriff (Lair:2)
  A tarantella (Spider:2)
  A redback (Spider:1)
  An ettin simulacrum (Depths:2)
  A crocodile (Lair:6)
  A bullfrog (D:7)
  An orc (D:5)
  18 fungi
  12 plants
  2 withered plants (D:15)
41 creatures vanquished.

Grand Total: 1899 creatures vanquished

Notes
Turn   | Place    | Note
-------+----------+-------------------------------------------
     0 | D:1      | jeanjacques the Ogre Monk began the quest for the Orb.
     0 | D:1      | Reached XP level 1. HP: 24/24 MP: 1/1
   153 | D:2      | Reached skill level 3 in Maces & Flails
   153 | D:2      | Reached XP level 2. HP: 20/33 MP: 2/2
   335 | D:1      | Reached XP level 3. HP: 21/40 MP: 3/3
   606 | D:1      | Reached skill level 5 in Fighting
   819 | D:2      | Noticed a centaur
   822 | D:2      | Noticed a sky beast
   824 | D:2      | Noticed a scorpion
   827 | D:2      | Found a transporter.
   893 | D:3      | Found a blossoming altar of Fedhas.
   897 | D:4      | Found a burning altar of Makhleb.
   905 | D:4      | Reached XP level 4. HP: 50/52 MP: 4/4
   926 | D:3      | Noticed Mlkhall's ghost (amateur NaEn)
   963 | D:2      | Reached skill level 6 in Fighting
  1030 | D:2      | Found a stormy altar of Qazlal.
  1130 | D:2      | Found a transporter.
  1141 | D:2      | Found a glowing golden altar of the Shining One.
  1269 | D:2      | Reached XP level 5. HP: 61/61 MP: 5/5
  1366 | D:2      | Killed a centaur
  1366 | D:2      | Reached skill level 7 in Fighting
  1369 | D:2      | Reached skill level 8 in Fighting
  1369 | D:2      | Reached XP level 6. HP: 72/72 MP: 6/6
  1374 | D:2      | Killed a sky beast
  1374 | D:2      | Reached skill level 9 in Fighting
  1406 | D:2      | Became a worshipper of the Shining One
  1406 | D:2      | Reached * piety under the Shining One
  1406 | D:2      | Reached ** piety under the Shining One
  1503 | D:3      | Found a bloodstained altar of Trog.
  1698 | D:5      | Entered Level 5 of the Dungeon
  1769 | D:5      | Noticed an orc warrior
  1796 | D:4      | Reached XP level 7. HP: 82/83 MP: 7/7
  1848 | D:4      | Noticed Ijyb
  1866 | D:4      | Killed Ijyb
  2005 | D:4      | Noticed Menkaure
  2134 | D:3      | Reached skill level 4 in Maces & Flails
  2397 | D:4      | Reached skill level 10 in Fighting
  2808 | D:6      | Found a glowing silver altar of Zin.
  3085 | D:5      | Reached XP level 8. HP: 94/94 MP: 8/8
  3194 | D:4      | Killed Menkaure
  3194 | D:4      | Reached skill level 5 in Maces & Flails
  3231 | D:4      | Noticed Grinder
  3235 | D:4      | Paralysed by Grinder for 3 turns
  3246 | D:4      | Killed Grinder
  3246 | D:4      | Reached skill level 11 in Fighting
  3303 | D:4      | Found a shadowy altar of Dithmenos.
  3303 | D:4      | Reached *** piety under the Shining One
  3516 | D:5      | Reached skill level 1 in Invocations
  3572 | D:5      | Reached skill level 1 in Evocations
  3662 | D:5      | Reached skill level 6 in Maces & Flails
  3662 | D:5      | Reached skill level 2 in Invocations
  3726 | D:6      | Found a sacrificial altar of Ru.
  3961 | D:7      | Found an iron altar of Okawaru.
  3964 | D:7      | Noticed Pikel
  3984 | D:7      | Reached XP level 9. HP: 83/105 MP: 10/10
  3999 | D:7      | Killed Pikel
  3999 | D:7      | Reached skill level 12 in Fighting
  3999 | D:7      | Reached skill level 7 in Maces & Flails
  4138 | D:7      | Found a staircase to the Ecumenical Temple.
  4274 | D:7      | Found a deep blue altar of Sif Muna.
  4364 | D:7      | You fall through a shaft!
  4364 | D:8      | Noticed a two-headed ogre
  4376 | D:8      | Killed a two-headed ogre
  4376 | D:8      | Reached skill level 8 in Maces & Flails
  4383 | D:8      | Found Goilegex's Armour Shoppe.
  4461 | D:9      | Reached XP level 10. HP: 64/118 MP: 10/12
  4522 | D:8      | Reached skill level 3 in Invocations
  4543 | D:8      | Reached skill level 9 in Maces & Flails
  4966 | D:10     | Entered Level 10 of the Dungeon
  5122 | D:9      | Noticed a lindwurm
  5132 | D:9      | Noticed a lindwurm
  5132 | D:9      | Noticed a lindwurm
  5133 | D:9      | Killed a lindwurm
  5133 | D:9      | Reached skill level 13 in Fighting
  5133 | D:9      | Reached skill level 4 in Invocations
  5134 | D:9      | Noticed a lindwurm
  5135 | D:9      | Gained mutation: You evolve. [potion of mutation]
  5135 | D:9      | Gained mutation: You have large cloven feet. [potion of mutation]
  5135 | D:9      | Gained mutation: You have supernaturally acute eyesight. (SInv) [potion of mutation]
  5140 | D:9      | Killed a lindwurm
  5141 | D:9      | Killed a lindwurm
  5144 | D:9      | Killed a lindwurm
  5144 | D:9      | Reached skill level 10 in Maces & Flails
  5144 | D:9      | Reached skill level 5 in Invocations
  5368 | D:10     | Reached skill level 1 in Shields
  5389 | D:10     | Reached skill level 1 in Axes
  5433 | D:10     | Reached skill level 2 in Shields
  5510 | D:9      | Reached skill level 2 in Axes
  5581 | D:10     | Reached XP level 11. HP: 109/127 MP: 10/14
  5590 | D:10     | Reached skill level 3 in Shields
  5797 | D:10     | Found a runed door.
  5831 | D:10     | Noticed an orc knight
  5831 | D:10     | Reached **** piety under the Shining One
  5838 | D:10     | Killed an orc knight
  5838 | D:10     | Reached skill level 3 in Axes
  5838 | D:10     | Reached skill level 4 in Shields
  5964 | D:10     | Lost mutation: You have supernaturally acute eyesight. (SInv) [evolution]
  6011 | D:11     | Noticed an unseen horror
  6012 | D:11     | Noticed a centaur warrior
  6166 | D:10     | Noticed a two-headed ogre
  6178 | D:10     | Killed a two-headed ogre
  6261 | D:10     | Noticed a seven-headed hydra
  6530 | D:9      | Found a roughly hewn altar of Beogh.
  6543 | D:9      | Reached skill level 6 in Invocations
  6556 | D:9      | Reached skill level 5 in Shields
  6571 | D:9      | Reached skill level 4 in Axes
  7352 | D:7      | Found an ancient bone altar of Kikubaaqudgha.
  7354 | D:7      | Found a shimmering altar of Xom.
  7354 | D:7      | Found a basalt altar of Yredelemnul.
  7356 | D:7      | Found a stormy altar of Qazlal.
  7356 | D:7      | Found a hazy altar of Hepliaklqana.
  7356 | D:7      | Found a shimmering altar of Xom.
  7388 | D:7      | Gained mutation: Your muscles are strong. (Str +2) [evolution]
  7932 | D:11     | Killed an unseen horror
  7932 | D:11     | Reached skill level 7 in Invocations
  7936 | D:11     | Killed a centaur warrior
  7936 | D:11     | Reached skill level 6 in Shields
  8094 | D:11     | Reached ***** piety under the Shining One
  8100 | D:11     | Reached XP level 12. HP: 121/136 MP: 17/17
  8200 | D:11     | Reached skill level 5 in Axes
  8209 | D:12     | Noticed a two-headed ogre
  8212 | D:12     | Killed a two-headed ogre
  8244 | D:12     | Reached skill level 8 in Invocations
  8468 | D:12     | Noticed a two-headed ogre
  8478 | D:12     | Killed a two-headed ogre
  8478 | D:12     | Reached skill level 7 in Shields
  8655 | D:11     | Found a staircase to the Lair.
  8667 | D:11     | Reached skill level 9 in Invocations
  8683 | Lair:1   | Entered Level 1 of the Lair of Beasts
  8693 | Lair:1   | Noticed Harold
  8701 | Lair:1   | Killed Harold
  8719 | Lair:1   | Noticed a five-headed hydra
  8725 | Lair:1   | Killed a four-headed hydra
  8770 | Lair:1   | Reached skill level 6 in Axes
  9380 | Lair:2   | Noticed a death yak
  9398 | Lair:2   | Killed a death yak
  9398 | Lair:2   | Reached skill level 4 in Dodging
  9406 | Lair:2   | Noticed a death yak
  9407 | Lair:2   | Noticed a death yak
  9434 | Lair:2   | Killed a death yak
  9434 | Lair:2   | Reached skill level 5 in Dodging
  9437 | Lair:2   | Killed a death yak
  9437 | Lair:2   | Reached skill level 6 in Dodging
  9506 | Lair:3   | Found a staircase to the Shoals.
  9541 | Lair:3   | Got a pitted cloak
  9553 | Lair:3   | Identified the +1 cloak "Ekhoank" {rC+} (You found it on level 3 of the Lair of Beasts)
  9629 | Lair:3   | Reached skill level 7 in Dodging
  9629 | Lair:3   | Reached XP level 13. HP: 143/144 MP: 20/20
  9738 | Lair:4   | Reached skill level 8 in Dodging
  9791 | Lair:5   | Reached skill level 9 in Dodging
  9880 | Lair:6   | Entered Level 6 of the Lair of Beasts
 10376 | Lair:3   | Reached skill level 8 in Shields
 10407 | Lair:2   | Reached skill level 10 in Dodging
 10407 | Lair:2   | Reached skill level 10 in Invocations
 10437 | Lair:2   | Found a hole to the Spider Nest.
 10567 | Lair:2   | Gained mutation: You expend magic power (3 MP) to strengthen your wands. [evolution]
 11103 | Lair:5   | Reached skill level 14 in Fighting
 11121 | Lair:5   | Reached skill level 7 in Axes
 11194 | Lair:5   | HP: 14/146 [poisoned by a killer bee]
 11205 | Lair:5   | HP: 11/146 [meliai/divine providence (14)]
 11209 | Lair:5   | The Shining One protects you from harm!
 11217 | Lair:5   | HP: 12/146 [killer bee (5)]
 11222 | Lair:5   | HP: 11/146 [poisoned by a killer bee]
 11230 | Lair:5   | HP: 12/146 [poisoned by a killer bee]
 11235 | Lair:5   | HP: 12/146 [poisoned by a killer bee]
 11478 | Lair:5   | Reached XP level 14. HP: 128/156 MP: 22/22
 11481 | Lair:5   | Reached skill level 11 in Dodging
 11822 | Lair:5   | Found a runed door.
 11826 | Lair:5   | Found a viscous altar of Jiyva.
 11829 | Lair:5   | Noticed an azure jelly
 11834 | Lair:5   | Found a staircase to the Slime Pits.
 11838 | Lair:5   | Noticed an azure jelly
 11842 | Lair:5   | Reached skill level 12 in Dodging
 12677 | D:11     | Lost mutation: You evolve. [potion of mutation]
 12677 | D:11     | Lost mutation: Your muscles are strong. (Str +2) [potion of mutation]
 12677 | D:11     | Gained mutation: You are covered in fur. (AC +1) [potion of mutation]
 12677 | D:11     | Gained mutation: You are frail. (-10% HP) [potion of mutation]
 12677 | D:11     | Gained mutation: Your mind is acute. (Int +2) [potion of mutation]
 12678 | D:11     | Lost mutation: You are frail. (-10% HP) [potion of mutation]
 12678 | D:11     | Lost mutation: Your mind is acute. (Int +2) [potion of mutation]
 12678 | D:11     | Lost mutation: You have large cloven feet. [potion of mutation]
 12678 | D:11     | Lost mutation: You expend magic power (3 MP) to strengthen your wands. [potion of mutation]
 12678 | D:11     | Gained mutation: You are weak. (Str -2) [potion of mutation]
 12678 | D:11     | Gained mutation: You are very weak. (Str -4) [potion of mutation]
 12678 | D:11     | Gained mutation: You have a pair of small horns on your head. [potion of mutation]
 12978 | D:11     | Got a warped shortbow
 13163 | D:13     | Reached skill level 13 in Dodging
 13169 | D:13     | Reached skill level 8 in Axes
 13391 | D:14     | Found a gate to the Vaults.
 13508 | D:13     | Reached skill level 11 in Invocations
 13525 | D:14     | Noticed Urug
 13533 | D:14     | Killed Urug
 13552 | D:13     | Reached skill level 9 in Shields
 13594 | D:15     | Entered Level 15 of the Dungeon
 13594 | D:15     | Noticed Agnes
 13636 | D:14     | Lost mutation: You are very weak. (Str -4) [potion of mutation]
 13636 | D:14     | Lost mutation: You are weak. (Str -2) [potion of mutation]
 13636 | D:14     | Gained mutation: You can translocate small distances at will. [potion of mutation]
 13636 | D:14     | Gained mutation: Your system is resistant to poisons. (rPois) [potion of mutation]
 13636 | D:14     | Gained mutation: You have large cloven feet. [potion of mutation]
 14120 | D:12     | Found a staircase to the Orcish Mines.
 14124 | Orc:1    | Entered Level 1 of the Orcish Mines
 14290 | Orc:2    | Entered Level 2 of the Orcish Mines
 14538 | Orc:2    | Reached XP level 15. HP: 125/165 MP: 23/23
 14545 | Orc:2    | Reached skill level 9 in Axes
 14557 | Orc:2    | Found Fogau's Weapon Shop.
 14557 | Orc:2    | Found Qoghaet's General Store.
 14557 | Orc:2    | Found Mucvin's Food Shop.
 14561 | Orc:2    | Found Qul Fahu's General Store.
 14688 | Orc:2    | Bought 2 potions of heal wounds for 150 gold pieces
 14688 | Orc:2    | Bought a +5 ring of dexterity for 618 gold pieces
 14750 | Orc:2    | Reached skill level 15 in Fighting
 15213 | Lair:2   | Reached ****** piety under the Shining One
 15248 | Spider:1 | Entered Level 1 of the Spider Nest
 15248 | Spider:1 | Noticed Aizul
 15259 | Spider:1 | Killed Aizul
 15286 | Spider:1 | Noticed Nikola
 15300 | Spider:1 | Killed Nikola
 15465 | Spider:2 | Noticed an emperor scorpion
 15469 | Spider:2 | Reached skill level 12 in Invocations
 15485 | Spider:2 | Killed an emperor scorpion
 15517 | Spider:2 | Reached skill level 10 in Axes
 15667 | Spider:2 | Noticed an emperor scorpion
 15687 | Spider:2 | Killed an emperor scorpion
 16083 | Spider:2 | Noticed an emperor scorpion
 16096 | Spider:2 | Killed an emperor scorpion
 16096 | Spider:2 | Reached skill level 16 in Fighting
 16243 | Spider:4 | Entered Level 4 of the Spider Nest
 16298 | Spider:4 | Reached XP level 16. HP: 139/179 MP: 21/25
 16309 | Spider:4 | Reached skill level 11 in Axes
 16549 | Spider:4 | Paralysed by a hornet for 1 turns
 16555 | Spider:4 | Reached skill level 12 in Axes
 16697 | Spider:4 | Got a gossamer rune of Zot
 17709 | Lair:6   | Reached skill level 13 in Axes
 18045 | Lair:6   | Reached skill level 1 in Armour
 18103 | Lair:6   | Reached XP level 17. HP: 187/187 MP: 26/26
 18465 | Shoals:1 | Entered Level 1 of the Shoals
 18612 | Shoals:1 | Reached skill level 2 in Armour
 18811 | Shoals:3 | Noticed Jorgrun
 18830 | Shoals:3 | Killed Jorgrun
 18876 | Shoals:4 | Entered Level 4 of the Shoals
 18940 | Shoals:2 | Found Orohuic's General Store.
 18950 | Shoals:2 | Bought a scroll of identify for 30 gold pieces
 18998 | Shoals:3 | Reached skill level 13 in Invocations
 19038 | Shoals:4 | Reached skill level 3 in Armour
 19073 | Shoals:4 | Got a slimy rapier
 19115 | Shoals:4 | Noticed Ilsuiw
 19124 | Shoals:4 | Reached skill level 14 in Axes
 19138 | Shoals:4 | Killed Ilsuiw
 19138 | Shoals:4 | Reached skill level 17 in Fighting
 19245 | Shoals:4 | Found Uxtoq's Food Shoppe.
 19478 | Shoals:4 | Got a brightly glowing war axe
 19479 | Shoals:4 | Identified the +6 war axe "Qot Deco" {freeze, +Blink SInv} (You found it on level 4 of the Shoals)
 19511 | Shoals:4 | Got a distressingly furry robe
 19513 | Shoals:4 | Identified the +1 robe "Dibuepix" {Str+3 Slay+3 SInv} (You found it on level 4 of the Shoals)
 19708 | Shoals:4 | Reached skill level 4 in Armour
 19755 | Shoals:4 | Identified a sacred scourge of holy wrath {god gift} (a vampiric demon whip blessed by the Shining One)
 19755 | Shoals:4 | Received a gift from the Shining One
 19965 | Shoals:4 | Reached XP level 18. HP: 140/201 MP: 27/27
 19981 | Shoals:4 | Got a barnacled rune of Zot
 20099 | Shoals:3 | Identified a scroll of acquirement
 20108 | Shoals:3 | Got a faintly humming large shield
 20119 | Shoals:3 | Identified the +2 large shield of Wicrapirch {rN+} (You acquired it on level 3 of the Shoals)
 20343 | Vaults:1 | Entered Level 1 of the Vaults
 20388 | Vaults:1 | Reached skill level 5 in Armour
 20389 | Vaults:1 | Reached skill level 18 in Fighting
 20475 | Vaults:1 | Found Ziket's Assorted Antiques.
 20479 | Vaults:1 | Bought a potion of heal wounds for 155 gold pieces
 20479 | Vaults:1 | Bought a potion of berserk rage for 155 gold pieces
 20530 | Vaults:1 | Got a polished morningstar
 20531 | Vaults:1 | Identified the +9 morningstar of Karma {drain, +Blink rPois rF+ Str-2} (You found it on level 1 of the Vaults)
 21064 | Vaults:2 | Reached skill level 15 in Axes
 21460 | Vaults:2 | Reached skill level 6 in Armour
 21519 | Vaults:2 | Reached skill level 19 in Fighting
 21905 | Vaults:1 | Reached XP level 19. HP: 203/217 MP: 26/28
 22383 | Vaults:1 | Got a fine quarterstaff
 22674 | Vaults:3 | Reached skill level 20 in Fighting
 22926 | Vaults:3 | Found Yxtegocs's Food Boutique.
 22976 | Vaults:3 | Noticed Frederick
 22993 | Vaults:3 | Killed Frederick
 22993 | Vaults:3 | Reached skill level 16 in Axes
 23211 | Vaults:2 | Reached XP level 20. HP: 224/231 MP: 30/30
 23823 | Vaults:3 | Reached skill level 14 in Invocations
 23893 | Vaults:4 | Noticed Jory
 23931 | Vaults:4 | Killed Jory
 24026 | Vaults:3 | Reached skill level 14 in Dodging
 24594 | Vaults:3 | Found a staircase to the Crypt.
 24598 | Crypt:1  | Entered Level 1 of the Crypt
 24611 | Crypt:1  | Reached skill level 21 in Fighting
 24760 | Crypt:2  | HP: 10/234 [ghoul (20)]
 24861 | Crypt:3  | Entered Level 3 of the Crypt
 25332 | Crypt:1  | Got a bloodstained dagger
 25673 | Crypt:1  | Reached XP level 21. HP: 244/244 MP: 31/31
 26118 | Vaults:3 | Reached skill level 22 in Fighting
 26232 | Vaults:4 | Got a distressingly furry robe
 26278 | Vaults:4 | Identified the +2 robe of the Game of Kings {rC+ SInv} (You found it on level 4 of the Vaults)
 26299 | Vaults:4 | Noticed Mara
 26322 | Vaults:4 | Noticed jeanjacques's illusion
 26327 | Vaults:4 | Killed Mara
 26403 | Vaults:4 | Reached skill level 17 in Axes
 26539 | Vaults:4 | Noticed Boris
 26550 | Vaults:4 | Killed Boris
 26591 | Vaults:4 | Noticed Mennas
 26611 | Vaults:4 | Killed Mennas
 26625 | Vaults:4 | Reached skill level 7 in Armour
 26842 | Vaults:4 | Reached skill level 15 in Invocations
 27394 | D:14     | Noticed Kirke
 27406 | D:14     | Killed Kirke
 27486 | D:14     | Noticed Louise
 27503 | D:14     | Killed Louise
 27530 | D:14     | Got a clouded golden ring
 27537 | D:14     | Identified the ring "Nuzxol" {+Fly MP+9 Slay+3 SInv} (You found it on level 14 of the Dungeon)
 27923 | D:15     | Found a burning altar of Makhleb.
 28175 | D:15     | Found a staircase to the Depths.
 28197 | D:15     | Killed Agnes
 28530 | Depths:1 | Entered Level 1 of the Depths
 28530 | Depths:1 | Found Yfatt's Food Shop.
 28791 | Depths:1 | Reached XP level 22. HP: 221/257 MP: 33/33
 28915 | Depths:1 | Reached skill level 23 in Fighting
 28975 | Depths:1 | Found a gateway to Hell.
 29014 | Depths:1 | Got a faintly glowing iron ring
 29015 | Depths:1 | Identified the ring "Jantygim" {rF+ MP+9 Int-3 Stlth+} (You found it on level 1 of the Depths)
 29250 | Depths:4 | Found a one-way gate leading to the halls of Pandemonium.
 29269 | Depths:4 | Found Weur's Distillery.
 29344 | Depths:4 | Bought a potion of invisibility for 96 gold pieces
 29345 | Depths:4 | Bought a potion of curing for 36 gold pieces
 29345 | Depths:4 | Bought a potion of resistance for 120 gold pieces
 29345 | Depths:4 | Bought a potion of heal wounds for 60 gold pieces
 29345 | Depths:4 | Bought 2 potions of mutation for 192 gold pieces
 29345 | Depths:4 | Bought a potion of curing for 36 gold pieces
 29345 | Depths:4 | Bought a potion of curing for 36 gold pieces
 29345 | Depths:4 | Bought 2 potions of ambrosia for 192 gold pieces
 29408 | Depths:5 | Entered Level 5 of the Depths
 29480 | Depths:5 | Found a gate to the Realm of Zot.
 29600 | Depths:5 | Found Hiuwno's Changing Room.
 29621 | Depths:5 | Bought a potion of mutation for 120 gold pieces
 29621 | Depths:5 | Bought a potion of mutation for 120 gold pieces
 29654 | Depths:5 | Reached skill level 8 in Armour
 29809 | Depths:5 | Found Amyok's Armour Emporium.
 29816 | Depths:5 | Found Wycitruwa's Weapon Shoppe.
 30132 | Depths:5 | Reached skill level 15 in Dodging
 30676 | Depths:4 | Found a one-way gate to the infinite horrors of the Abyss.
 30836 | Depths:3 | Reached skill level 24 in Fighting
 31011 | Depths:3 | Reached skill level 16 in Invocations
 31162 | Depths:2 | Reached XP level 23. HP: 230/271 MP: 35/35
 31280 | Depths:2 | Reached skill level 9 in Armour
 31673 | Depths:1 | Reached skill level 2 in Evocations
 32056 | Depths:2 | Noticed a caustic shrike
 32057 | Depths:2 | Noticed a caustic shrike
 32059 | Depths:2 | Noticed a caustic shrike
 32068 | Depths:2 | Killed a caustic shrike
 32074 | Depths:2 | Found a basalt altar of Yredelemnul.
 32235 | Depths:2 | Noticed a golden dragon
 32253 | Depths:2 | Killed a golden dragon
 32281 | Depths:2 | Reached skill level 3 in Evocations
 32380 | Depths:2 | Found a hazy altar of Hepliaklqana.
 32519 | Depths:2 | Noticed the Enchantress
 32603 | Depths:2 | Killed the Enchantress
 32603 | Depths:2 | Reached skill level 25 in Fighting
 32626 | Depths:2 | Got faerie dragon scales
 32636 | Depths:2 | Identified the +2 faerie dragon scales {rCorr SInv} (You took it off the Enchantress on level 2 of the Depths)
 32803 | Depths:2 | Found a sacrificial altar of Ru.
 32877 | Depths:2 | Reached skill level 4 in Evocations
 32946 | Depths:2 | Noticed a golden dragon
 32963 | Depths:2 | Killed a golden dragon
 33001 | Depths:2 | Killed a caustic shrike
 33006 | Depths:2 | Killed a caustic shrike
 33183 | Depths:2 | Reached XP level 24. HP: 216/287 MP: 35/35
 33313 | Depths:2 | Reached skill level 16 in Dodging
 33932 | Vaults:5 | Entered Level 5 of the Vaults
 33971 | Vaults:5 | Reached skill level 17 in Dodging
 34017 | Vaults:5 | Reached skill level 18 in Dodging
 34050 | Vaults:5 | HP: 28/287 [vault warden/uncursed battleaxe of chopping (3)]
 34302 | Vaults:5 | Reached skill level 19 in Dodging
 34346 | Vaults:5 | Killed from afar by a lich

Skill      XL: |  1  2  3  4  5  6  7  8  9 10 11 12 13 14 15 16 17 18 19 20 21 22 23 24 |
---------------+-------------------------------------------------------------------------+-----
Maces & Flails | 3 4 6 8 10 | 10.1
Fighting       | 5 6 8 9 10 11 12 13 14 16 17 19 20 21 22 24 25 | 25.5
Invocations    | 2 5 7 9 10 11 12 13 14 15 16 | 16.8
Evocations     | 1 4 |  4.0
Shields        | 2 6 7 8 9 |  9.9
Axes           | 2 4 6 7 8 10 13 14 15 16 17 | 17.8
Dodging        | 7 10 13 14 15 19 | 19.3
Armour         | 1 4 6 7 8 9 |  9.0
Stealth        | |  1.4

Action                   |  1- 3 |  4- 6 |  7- 9 | 10-12 | 13-15 | 16-18 | 19-21 | 22-24 || total
-------------------------+-------+-------+-------+-------+-------+-------+-------+-------++-------
Melee: Mace              |    94 |    27 |   265 |       |       |       |       |       ||   386
       Dagger            |    35 |    60 |       |       |       |       |       |       ||    95
       Unarmed           |       |       |     8 |       |       |       |       |       ||     8
       Whip              |       |       |    79 |   124 |       |       |       |       ||   203
       Broad axe         |       |       |       |   414 |   860 |  1029 |  1095 |  1156 ||  4554
       Kick              |       |       |       |   140 |   252 |   450 |   639 |   516 ||  1997
       Flail             |       |       |       |     8 |       |       |       |       ||     8
       Hand axe          |       |       |       |     1 |    26 |     9 |       |       ||    36
       Headbutt          |       |       |       |       |   135 |   291 |   432 |   334 ||  1192
       Sacred scourge    |       |       |       |       |       |       |   217 |    76 ||   293
 Fire: Shortbow          |       |     2 |       |       |       |       |       |       ||     2
Throw: Stone             |     5 |       |       |       |       |       |       |       ||     5
Invok: Divine Shield     |       |       |     2 |     8 |    19 |    17 |    20 |    19 ||    85
       Summon Divine War |       |       |       |     2 |     3 |     2 |     4 |     8 ||    19
       Brand Weapon With |       |       |       |       |       |     1 |       |       ||     1
Evoke: Wand              |       |       |    15 |    25 |    25 |     6 |     2 |     1 ||    74
       Lightning rod     |       |       |       |       |       |       |       |     1 ||     1
  Use: Scroll            |       |     5 |     6 |    13 |    11 |    13 |     7 |    25 ||    80
       Potion            |       |     2 |     4 |     6 |     6 |     3 |     4 |    10 ||    35
 Stab: Sleeping          |     1 |     2 |       |       |       |       |       |       ||     3
  Eat: Chunk             |       |     3 |     9 |    17 |    18 |    11 |     4 |     9 ||    71
       Royal jelly       |       |       |       |     1 |       |     1 |     1 |     2 ||     5
       Bread ration      |       |       |       |       |     2 |     1 |     4 |     3 ||    10
       Fruit             |       |       |       |       |       |     3 |     3 |       ||     6
       Meat ration       |       |       |       |       |       |       |       |     1 ||     1
Armor: Robe              |    44 |    19 |    85 |   127 |   100 |       |       |       ||   375
       Troll leather arm |       |       |       |       |   126 |   241 |   185 |   195 ||   747
       Acid dragon scale |       |       |       |       |       |       |       |    63 ||    63
Dodge: Dodged            |    84 |    64 |   133 |   166 |   566 |   589 |   478 |   485 ||  2565
Block: Shield            |       |       |    60 |   378 |   893 |   944 |   832 |   941 ||  4048

Table legend:
 A = Turns spent in this place as a percentage of turns spent in the entire game.
 B = Non-inter-level travel turns spent in this place as a percentage of non-inter-level travel turns spent in the entire game.
 C = Inter-level travel turns spent in this place as a percentage of turns spent in this place.
 D = Turns resting spent in this place as a percentage of non-inter-level travel turns spent in this place.
 E = Turns spent auto-exploring this place as a percentage of non-inter-level travel turns spent in this place.
 F = Non-inter-level travel turns spent in this place divided by the number of levels of this place that you've seen.
                   A       B       C       D       E      F
               +-------+-------+-------+-------+-------+----------------------
         Total | 100.0 | 100.0 |   0.6 |   0.8 |   5.1 | 391.8
       Dungeon |  31.1 |  31.0 |   0.7 |   0.5 |   6.3 | 356.5
          Lair |  13.4 |  13.3 |   0.8 |   0.8 |   4.9 | 383.0
        Shoals |   7.6 |   7.6 |   1.1 |   0.5 |   1.6 | 326.0
   Spider Nest |   7.3 |   7.4 |   0.2 |   1.3 |   4.2 | 317.8
  Orcish Mines |   2.2 |   2.2 |   1.1 |   0.0 |  10.4 | 187.0
        Vaults |  16.5 |  16.5 |   0.3 |   0.9 |   6.1 | 569.8
         Crypt |   4.3 |   4.4 |   0.5 |   0.0 |   5.7 | 250.0
        Depths |  17.6 |  17.7 |   0.4 |   1.7 |   3.1 | 609.0
               +-------+-------+-------+-------+-------+----------------------

Table legend:
 A = Kills in this place as a percentage of kills in entire the game.
 B = Kills by you in this place as a percentage of kills by you in the entire game.
 C = Kills by friends in this place as a percentage of kills by friends in the entire game.
 D = Other kills in this place as a percentage of other kills in the entire game.
 E = Experience gained in this place as a percentage of experience gained in the entire game.
 F = Experience gained in this place divided by the number of levels of this place that you have seen.
                   A       B       C       D       E      F
               +-------+-------+-------+-------+-------+----------------------
         Total | 100.0 | 100.0 | 100.0 | 100.0 | 100.0 | 20889.8
       Dungeon |  24.2 |  24.6 |  12.3 |   0.0 |   6.6 | 4039.8
          Lair |  12.2 |  12.2 |  13.8 |  25.0 |   6.7 | 10217.2
        Shoals |   5.5 |   5.7 |   0.0 |   0.0 |   6.6 | 15234.2
   Spider Nest |   9.4 |   9.3 |   9.2 |  50.0 |   8.1 | 18604.8
  Orcish Mines |   4.7 |   4.2 |  18.5 |   0.0 |   0.9 | 3986.0
        Vaults |  22.2 |  21.7 |  35.4 |   0.0 |  33.8 | 62053.4
         Crypt |   4.1 |   4.2 |   0.0 |   0.0 |   6.9 | 21189.3
        Depths |  17.7 |  18.0 |  10.8 |  25.0 |  30.5 | 56018.0
               +-------+-------+-------+-------+-------+----------------------

Vault maps used:
D:1:      dpeg_arrival_arbitrary_b, hangedman_decor_growths, minmay_cupped
D:2:      gammafunk_temple_overflow_arena, grunt_qazlal_clouds
D:3:      minmay_goblin_kobold_castle, old_standard_altar,
          nicolae_overflow_crystal_walls, lemuel_doored_altar, bloody_trog,
          fedhas_altar_1, uniq_jessica
D:4:      lemuel_crystal_altar, grunt_dithmenos_shadows, first_bread, uniq_ijyb,
          uniq_grinder, uniq_menkaure
D:5:      serial_bayou_pond_b
D:6:      zin_scriptorium, nicolae_ru_path_of_blood
D:7:      okawaru_gym_becter, doesnt_xom_only_xom, minmay_temple_entry_junction,
          serial_curves, eino_curves_02, eino_curves_03, eino_curves_01,
          mrwooster_statue_mirror, led_sif_book, uniq_pikel
D:8:      serial_shops, shop, grunt_ogre_cave
D:9:      special_room, minmay_lindwurm_lava
D:10:     hangedman_abyss_or_decor_slice, minmay_misc_feat_room,
          minmay_st_funbox
D:11:     lair_entry_dummy
D:12:     orc_0_dummy, basic_loot_grate_trap
D:14:     david_vaults_1, minivault_25, kennysheep_small_spiral, uniq_kirke,
          uniq_urug, uniq_louise
D:15:     gammafunk_depths_entry_grave, dk_noncrumbling_4, lemuel_hellish_altar,
          uniq_agnes
Lair:1:   portal_ice_cave_entry_imps, uniq_harold
Lair:2:   dpeg_oklob_shooting_range, spider_nest_entry_web_field,
          serial_bayou_shore_b, minmay_lair_oklob_chamber
Lair:3:   elwin_shoals_entry_rocks
Lair:4:   grunt_megastairs_2
Lair:5:   hangedman_what_comes_after_a, slime_altar_2,
          nicolae_volcano_entry_lava_flow, infiniplex_staircase_pool_2
Lair:6:   hangedman_lair_tendril_chambers
Shoals:1: cheibrodos_shoals_satyrical_garden, uniq_donald
Shoals:2: serial_shops, nicolae_shop_temple_entry_statues_fountains,
          uniq_polyphemus
Shoals:3: serial_shops, nicolae_shop_crystal, uniq_jorgrun
Shoals:4: shoals_end_hangedman, shoals_ilsuiw_alternative, serial_shops,
          nicolae_shop_stone
Spider:1: uniq_azrael, uniq_nikola, uniq_frances, uniq_aizul
Spider:4: grunt_spider_rune_island, guppyfry_spider_mini_3
Orc:1:    nicolae_orc_damp_corner
Orc:2:    st_orc_mages
Vaults:1: v_pattern_3, v_misc_4, st_greater_box_1,
          ontoclasm_vaults_claustrophobia, hangedman_vaults_maws, v_misc_11,
          v_misc_23, v_misc_17, serial_shops, nicolae_shop_crystal
Vaults:2: vaults_room_pool, nicolae_vaults_rhombus_6,
          nicolae_vaults_windows_and_doors_thing, ontoclasm_vaults_ring_square,
          nicolae_vaults_mini_display_case, v_pattern_5, v_rooms_4,
          ontoclasm_vaults_shuriken, nicolae_vaults_twisting_passages,
          nicolae_vaults_little_squares_3, nicolae_vaults_big_ls,
          mu_enter_wizlab_1
Vaults:3: vaults_room_fours, nicolae_vaults_network_quinsquares,
          nicolae_vaults_shelves_hall, grunt_vaults_trifunnel,
          hangedman_vaults_stretched_pinwheel, minmay_crypt_entry_simple_walls,
          v_alt_pattern_1, vaults_standard_mumra_enter_the_diamond,
          nicolae_vaults_network_s, vaults_dpeg_encased_lava,
          nicolae_vaults_little_squares_4, st_more_cells, serial_shops, shop,
          uniq_frederick
Vaults:4: vaults_room_door_hall, ontoclasm_vaults_gateway, v_rooms_2,
          v_alt_pattern_3, grunt_vaults_swirl, nicolae_vaults_ring_of_whatevers,
          nicolae_vaults_sealed_display, ontoclasm_vaults_chip, uniq_boris,
          uniq_mennas, uniq_jory, uniq_mara
Vaults:5: serial_shops
Crypt:2:  minmay_misc_feat_cross, stair_cage_line
Crypt:3:  quadcrypt_mu
Depths:1: minmay_guarded_unrand_majin_bo, serial_shops, shop_fountains,
          minmay_room_of_horrors, hell_entry, kennysheep_generic_room_11
Depths:2: grunt_profane_halls, pan_entry, hell_entry, uniq_enchantress
Depths:3: wad_lake_hut, pan_entry, hell_entry, tso_altar
Depths:4: nooodl_heptagram, rand_demon_pan_entry_7, pf_hell_entry_tar_river,
          abyss_entry, serial_shops, nicolae_shop_waterfront, minmay_holes
Depths:5: grunt_zot_entry_tricorne, pf_coc_iceberg, nicolae_transmutations_shop,
          serial_bayou_shore_a, minmay_shoptagon

Action                   |  1- 3 |  4- 6 |  7- 9 | 10-12 | 13-15 | 16-18 | 19-21 | 22-24 || total
-------------------------+-------+-------+-------+-------+-------+-------+-------+-------++-------
Melee: Mace              |    94 |    27 |   265 |       |       |       |       |       ||   386
       Dagger            |    35 |    60 |       |       |       |       |       |       ||    95
       Unarmed           |       |       |     8 |       |       |       |       |       ||     8
       Whip              |       |       |    79 |   124 |       |       |       |       ||   203
       Broad axe         |       |       |       |   414 |   860 |  1029 |  1095 |  1156 ||  4554
       Kick              |       |       |       |   140 |   252 |   450 |   639 |   516 ||  1997
       Flail             |       |       |       |     8 |       |       |       |       ||     8
       Hand axe          |       |       |       |     1 |    26 |     9 |       |       ||    36
       Headbutt          |       |       |       |       |   135 |   291 |   432 |   334 ||  1192
       Sacred scourge    |       |       |       |       |       |       |   217 |    76 ||   293
 Fire: Shortbow          |       |     2 |       |       |       |       |       |       ||     2
Throw: Stone             |     5 |       |       |       |       |       |       |       ||     5
Invok: Divine Shield     |       |       |     2 |     8 |    19 |    17 |    20 |    19 ||    85
       Summon Divine War |       |       |       |     2 |     3 |     2 |     4 |     8 ||    19
       Brand Weapon With |       |       |       |       |       |     1 |       |       ||     1
Evoke: Wand              |       |       |    15 |    25 |    25 |     6 |     2 |     1 ||    74
       Lightning rod     |       |       |       |       |       |       |       |     1 ||     1
  Use: Scroll            |       |     5 |     6 |    13 |    11 |    13 |     7 |    25 ||    80
       Potion            |       |     2 |     4 |     6 |     6 |     3 |     4 |    10 ||    35
 Stab: Sleeping          |     1 |     2 |       |       |       |       |       |       ||     3
  Eat: Chunk             |       |     3 |     9 |    17 |    18 |    11 |     4 |     9 ||    71
       Royal jelly       |       |       |       |     1 |       |     1 |     1 |     2 ||     5
       Bread ration      |       |       |       |       |     2 |     1 |     4 |     3 ||    10
       Fruit             |       |       |       |       |       |     3 |     3 |       ||     6
       Meat ration       |       |       |       |       |       |       |       |     1 ||     1
Armor: Robe              |    44 |    19 |    85 |   127 |   100 |       |       |       ||   375
       Troll leather arm |       |       |       |       |   126 |   241 |   185 |   195 ||   747
       Acid dragon scale |       |       |       |       |       |       |       |    63 ||    63
Dodge: Dodged            |    84 |    64 |   133 |   166 |   566 |   589 |   478 |   485 ||  2565
Block: Shield            |       |       |    60 |   378 |   893 |   944 |   832 |   941 ||  4048
